 Dungeon Crawl Stone Soup version 0.31.0-32-g396128a36d (webtiles) character file.

Game seed: 2955150663024477840

89761 Triskaidekaphobic the Mimic (level 15, -11/110 HPs)
             Began as an Octopode Shapeshifter on Apr 6, 2024.
             Was an Initiate of Gozag.
             Mangled by an ogre mage
             ... wielding a +0 flail
              (15 damage)
             ... while paralysed by an ogre mage
             ... on level 2 of the Orcish Mines.
             The game lasted 00:57:43 (28658 turns).

Triskaidekaphobic the Mimic (OpSh)                 Turns: 28658, Time: 00:57:44

Health: -11/110    AC: 10    Str: 19    XL:     15   Next: 98%
Magic:  9/22       EV:  2    Int: 23    God:    Gozag
Gold:   5811       SH:  0    Dex: 11    Spells: 11/24 levels left

rFire   + .          .
                       - Unarmed
rCold   . . .        (shield currently unavailable)
rNeg    . . .        i - +1 hat of Card Tricks {Int+2}
rPois   +            N - amulet of reflection
rElec   .            P - ring of poison resistance
rCorr   .            T - +4 ring of protection
SInv    .            L - ring of flight
Will    +....        F - ring of protection from fire
Stlth   +            E - +5 ring of evasion
HPRegen 0.38/turn    e - +5 ring of evasion
MPRegen 0.18/turn    S - +6 ring of strength
                     t - +4 ring of protection

%: reflection
@: paralysed, flux-form, gold aura, flying, glowing
A: glow, contaminating, almost no armour, amphibious, 8 rings, camouflage 1,
gelatinous body 1, (nimble swimmer 1), tentacles
a: Begin Untransformation, Renounce Religion, Potion Petition, Call Merchant,
Bribe Branch


You were on level 2 of the Orcish Mines.
You worshipped Gozag.
Gozag was greatly pleased with you.
You were something dangerously unstable.
You visited 4 branches of the dungeon, and saw 22 of its levels.
You also visited: Bailey and Gauntlet.

You collected 8057 gold pieces.
You spent 2188 gold pieces at shops.
You paid 58 gold pieces to Gozag.


Innate Abilities, Weirdness & Mutations

You are something dangerously unstable.
You glow with magical radiation, making you easy to see and hit.
Foes you strike become dangerously contaminated with magical radiation.
You are incapable of wielding weapons or throwing items.
You cannot wear most types of armour.
You are amphibious.
You can wear up to eight rings at the same time.
Your skin changes colour to match your surroundings (Stealth+).
Your rubbery body absorbs attacks. (AC +1, EV +1)
((You are camouflaged when in or above water. (Stealth+)))
You have tentacles for arms and can constrict up to eight enemies at once.


   Skills:
 - Level 13.0 Fighting
 - Level 5.0 Dodging
 - Level 2.0 Stealth
 - Level 5.0 Shields
 - Level 11.0 Unarmed Combat
 - Level 5.0 Spellcasting
 - Level 12.0 Hexes
 - Level 13.0 Summonings
 - Level 3.0 Evocations
 + Level 13.9 Shapeshifting


You had 11 spell levels left.
You knew the following spells:

 Your Spells              Type           Power      Damage    Failure   Level
c - Call Imp              Summ           100%       N/A       1%          2
g - Summon Cactus Giant   Summ           30%        N/A       7%          6
v - Summon Mana Viper     Hex/Summ       58%        N/A       1%          5

Your spell library contained the following spells:

 Spells                   Type           Power      Damage    Failure   Level
 Slow                     Hex            100%       N/A       1%          1
 Ensorcelled Hibernation  Hex/Ice        66%        N/A       1%          2
 Confusing Touch          Hex            57%        N/A       1%          3
 Sigil of Binding         Hex            57%        N/A       1%          3
 Tukima's Dance           Hex            57%        N/A       1%          3
 Inner Flame              Hex/Fire       33%        N/A       2%          3
 Magic Dart               Conj           20%        1d4       10%         1
 Shock                    Conj/Air       20%        1d4       10%         1
 Blink                    Tloc           10%        N/A       14%         2
 Lesser Beckoning         Tloc           10%        N/A       14%         2
 Scorch                   Fire           10%        2d5       14%         2
 Static Discharge         Conj/Air       10%        3-4/arc   14%         2
 Sublimation of Blood     Necr           5%         N/A       14%         2
 Summon Forest            Summ/Tloc      17%        N/A       19%         5
 Silence                  Hex/Air        16%        N/A       22%         5
 Yara's Violent Unravell  Hex/Alch       16%        3d8       22%         5
 Gell's Gravitas          Tloc           5%         N/A       28%         3
 Passwall                 Erth           5%         N/A       28%         3
 Swiftness                Air            5%         N/A       28%         3
 Teleport Other           Tloc           5%         N/A       28%         3
 Vampiric Draining        Necr           5%         2d6       28%         3
 Summon Hydra             Summ           30%        N/A       36%         7
 Airstrike                Air            2%         2d(1-17)  67%         4
 Flame Wave               Conj/Fire      5%         2d5       67%         4
 Passage of Golubria      Tloc           5%         N/A       67%         4
 Sticky Flame             Fire/Alch      5%         2d4       67%         4
 Vhi's Electric Charge    Tloc/Air       10%        N/A       67%         4
 Irradiate                Conj/Alch      2%         3d12      95%         5
 Dispersal                Tloc           2%         N/A       100%        6
 Eringya's Noxious Bog    Alch           2%         4d6       100%        6
 Sculpt Simulacrum        Ice/Alch       2%         N/A       100%        6
 Ignition                 Fire           2%         3d3       100%        8
 Lehudib's Crystal Spear  Conj/Erth      2%         10d2      100%        8

Inventory:

Missiles
 Z - a throwing net {=f}
Armour
 i - the +1 hat of Card Tricks (worn) {Int+2}
   (You acquired it on level 13 of the Dungeon)

   Int+2:     It affects your intelligence (+2).
 n - a +2 buckler of protection
Jewellery
 e - a +5 ring of evasion (on tentacle)
 f - a ring of protection from fire
 t - a +4 ring of protection (on tentacle)
 E - a +5 ring of evasion (on tentacle)
 F - a ring of protection from fire (on tentacle)
 I - a +6 ring of intelligence
 L - a ring of flight (on tentacle)
 N - an amulet of reflection (around mantle)
 P - a ring of poison resistance (left tentacle)
 S - a +6 ring of strength (on tentacle)
 T - a +4 ring of protection (right tentacle)
Talismans
 c - a flux talisman (active)
 u - a granite talisman
Wands
 k - a wand of iceblast (31)
 r - a wand of paralysis (32)
 s - a wand of digging (10)
 G - a wand of flame (51)
 K - a wand of quicksilver (8)
Scrolls
 g - 14 scrolls of teleportation {@r2}
 h - 7 scrolls of immolation
 o - 2 scrolls of revelation
 x - 8 scrolls of enchant armour
 y - 3 scrolls of amnesia
 z - 5 scrolls of fog
 B - 7 scrolls of summoning
 J - 8 scrolls of fear
 M - 14 scrolls of identify {@r1}
 O - 2 scrolls of vulnerability
 Q - 2 scrolls of poison
 R - 8 scrolls of blinking
 V - a scroll of torment
Potions
 a - 2 potions of lignification
 b - a potion of attraction
 d - 2 potions of brilliance
 j - 4 potions of cancellation
 m - 3 potions of enlightenment
 p - 5 potions of might
 q - 6 potions of curing {@q1}
 v - 3 potions of resistance
 A - 4 potions of magic
 C - 2 potions of heal wounds {@q2}
 D - 6 potions of haste {@q3}
 H - 4 potions of mutation
 U - a potion of berserk rage {!q}
 W - 3 potions of invisibility
Miscellaneous
 l - a phial of floods
 Y - a box of beasts

Dungeon Overview and Level Annotations

Branches:
Dungeon (14/15)            Temple (1/1) D:4            Lair (5/5) D:9
 Shoals (0/4) Lair:3        Slime (0/5) Lair:5          Orc (2/2) D:9
    Elf (0/3) Orc:2        Vaults (0/5) D:14         Bailey (visited)
Gauntlet (visited)
  Snake: Lair:2-3    Spider: Lair:2-3

Altars:
Ashenzari
Cheibriados
Dithmenos
Elyvilon
Fedhas
Gozag
Hepliaklqana
Kikubaaqudgha
Makhleb
Nemelex Xobeh
Okawaru
Qazlal
Ru
Sif Muna
Trog
Uskayaw
Vehumet
Wu Jian
Xom
Yredelemnul
Zin
The Shining One
Jiyva

Shops:
D:4 (   D:5 *!*=(   D:6 [   D:9 (   Orc:1 ?

Annotations:
D:8 2 transporters, mainiacjoe's ghost, journeyman OpHs

###...#.#...#.....#
#####.......#........#
##.#.........#.........
#.......##........#....
##....>.###.).....##...
###...#####))...#####.
#.....#))O)....####.
##..O.).$OO#.....S..
##p..OO$).#.......#
#..O......#.##...##
##.....####.#....#
#.......# ........#
#........#.#........
#..........#........
#...####......##..#.
#...# .....# ####.


You could see 3 two-headed ogres, an ogre mage (fast) and 3 ogres.


Message History

* * * LOW HITPOINT WARNING * * *
The two-headed ogre misses you.
Items here: $ ( ))))) [[.
You bludgeon the two-headed ogre!
The two-headed ogre glows dangerously bright.
You squeeze the two-headed ogre.
The two-headed ogre is almost dead.
The two-headed ogre is distracted by your dazzling golden aura.
You tentacle-slap the two-headed ogre.
You kill the two-headed ogre!
The ogre mage is no longer distracted by gold.
The two-headed ogre is no longer distracted by gold.
The ogre mage mumbles some strange words.
The ogre mage flickers and vanishes!
Deactivating autopickup; reactivate with Ctrl-A.
You hear some strange, mumbled words.
The ogre mage seems to speed up.
There is a stone staircase leading up here.
The ogre mage gestures at you while chanting.
You suddenly lose the ability to move!
You stop ascending the stairs.
Something hits you but does no damage.
The two-headed ogre hits you with a +0 giant spiked club!
* * * LOW HITPOINT WARNING * * *
The two-headed ogre hits you with a +0 giant club!!
* * * LOW HITPOINT WARNING * * *
Something hits you!
* * * LOW HITPOINT WARNING * * *
The ogre mage hits you with a +0 flail!
You die...
Your body crumbles into a pile of gold.

Skill      XL: |  1  2  3  4  5  6  7  8  9 10 11 12 13 14 15 |
---------------+----------------------------------------------+-----
Fighting       | 2 3 4 5 6 9 11 12 13 | 13.0
Shapeshifting  | 4 5 6 7 9 10 11 13 | 13.9
Stealth        | 2 |  2.0
Unarmed Combat | 5 9 11 | 11.0
Dodging        | 3 5 |  5.0
Evocations     | 2 3 |  3.0
Summonings     | 7 12 13 | 13.0
Spellcasting   | 2 4 5 |  5.0
Hexes          | 5 12 | 12.0
Shields        | 5 |  5.0

Action                     |  1- 3 |  4- 6 |  7- 9 | 10-12 | 13-15 || total
---------------------------+-------+-------+-------+-------+-------++-------
  Melee: Unarmed           |    44 |     1 |   213 |   635 |  1288 ||  2181
         Constrict         |    14 |    28 |    67 |   120 |   181 ||   410
         Tentacles         |    14 |    24 |    81 |   210 |   436 ||   765
         Short sword       |       |   112 |    53 |       |       ||   165
         Punch             |       |     5 |     5 |       |       ||    10
   Cast: Summon Mana Viper |       |       |       |       |    28 ||    28
         Summon Cactus Gia |       |       |       |       |    27 ||    27
  Evoke: Wand              |       |       |       |       |     1 ||     1
    Use: Scroll            |       |       |     1 |    16 |     6 ||    23
         Potion            |       |       |     1 |     2 |     6 ||     9
   Stab: Sleeping          |     2 |     9 |     3 |     2 |       ||    16
         Distracted        |       |     3 |       |     5 |    13 ||    21
         Petrified         |       |       |       |       |     5 ||     5
 Armour: Skin              |    19 |    39 |   107 |   212 |   422 ||   799
  Dodge: Dodged            |    23 |    57 |   207 |   596 |  1530 ||  2413
  Block: Other             |       |       |       |       |    50 ||    50
         Reflection        |       |       |       |       |     4 ||     4
   Form: Flux              |       |       |     1 |       |       ||     1

Levels and vault maps discovered:
D:1:      dpeg_cavernosity, layout_rooms
D:2:      layout_loops_corners, uniq_natasha
D:3:      layout_basic, pdpol_temple_overflow_zin_treasury_gozag_greed,
          supply_closet_lemuel, minmay_shallow_snake_nest
D:4:      layout_loops_ring, minmay_temple_entry_enclosed_plants, serial_shops,
          nicolae_shop_temple_entry_statues_fountains, minmay_misc_feat_hallway,
          minmay_misc_feat_four_crosses, uniq_robin
D:5:      layout_gridville, serial_shops, nicolae_square_shop, shop,
          kennysheep_little_box, nicolae_lakefront_shop,
          nicolae_shop_pleasant_corner_grove
D:6:      layout_basic, mainiacjoe_overflow_surrounded_room, serial_shops,
          nicolae_shop_stone
D:7:      layout_rooms, kennysheep_slug_shrine, minitemple, enter_bailey_2,
          minmay_misc_feat_ornament
D:8:      layout_loops_corners, gammafunk_ghost_berserking_beasts
D:9:      layout_cave_pools, hellmonk_lair_entry_icy, hiddenorc1_lemuel,
          special_room [special_room_orc], serial_shops,
          nicolae_shop_behind_doors, lightli_wizard_tower
D:10:     minmay_the_grid_octo_tiled_octocenter
          [minmay_the_grid_octo_concentric, minmay_the_grid_octo_clover,
          minmay_the_grid_octo_checkerflower, minmay_the_grid_octo_clover_2,
          minmay_the_grid_octo_prize_big_c, minmay_the_grid_square_5x5_six,
          minmay_the_grid_square_5x5_percent, minmay_the_grid_square_5x5_tie,
          minmay_the_grid_square_5x5_checkered_statues], layout_rooms,
          led_xom_imps, serial_curves, eino_curves_04, eino_curves_02,
          eino_curves_03, interstate_on_off
D:11:     layout_basic
D:12:     layout_cave_pools, gauntlet_entry_generic
D:13:     layout_rooms
D:14:     layout_basic, david_vaults_5, minmay_staircase_statues_hall_large,
          grunt_ministairs_10, uniq_lodul, uniq_nessos, uniq_frances,
          uniq_josephine
Temple:   nicolae_temple_bog_church
Lair:1:   layout_cave_pods, uniq_amaemon
Lair:2:   layout_regular_city, guppyfry_snake_entry_garden,
          cheibrodos_lair_reptile_den, lemuel_fruit_fields
Lair:3:   wad_woods_minihive, layout_regular_city, minmay_shoals_entry_centaurs,
          chequers_serial_rivers_micro_c, evilmike_ambush
          [evilmike_ambush_outer_basic, evilmike_ambush_inner_basic],
          grunt_megastairs_1
Lair:4:   beast_lair_carwin_large_4, layout_hall_layers,
          chequers_serial_rivers_micro_a, minivault_25, lemuel_fruit_fields,
          infiniplex_staircase_pool_2
Lair:5:   hangedman_lair_tendril_chambers, layout_layer_cave, slime_entry_1,
          fungi_pond_lemuel, dreamdust_gnoll_shepherd, serial_bayou_shore_a,
          lemuel_fruit_tree, uniq_urug
Orc:1:    layout_caves, basic_altar, serial_shops, nicolae_shop_tiny_waterfront
Orc:2:    st_orc_ogre_mass, layout_diamond_mine, special_room, uniq_saint_roka

Notes
Turn   | Place    | Note
-------+----------+-------------------------------------------
     0 | D:1      | Triskaidekaphobic the Octopode Shapeshifter began the quest
                  | for the Orb.
     0 | D:1      | Reached XP level 1. HP: 13/13 MP: 1/1
   278 | D:1      | Reached skill level 2 in Fighting
   278 | D:1      | Reached XP level 2. HP: 19/19 MP: 2/2
   577 | D:1      | Reached XP level 3. HP: 25/25 MP: 3/3
   591 | D:1      | Reached skill level 3 in Fighting
   758 | D:2      | Noticed Natasha
  1106 | D:2      | Killed Natasha
  1107 | D:2      | Reached XP level 4. HP: 32/33 MP: 4/4
  1142 | D:2      | Identified the +2 short sword "Doecynom" {pain, *Noise
                  | Dex+7}
  1167 | D:2      | Noticed Natasha
  1176 | D:2      | Killed Natasha
  1177 | D:2      | Reached skill level 4 in Fighting
  1242 | D:2      | You fall into a shaft and drop 2 floors!
  1263 | D:4      | Reached XP level 5. HP: 37/37 MP: 5/5
  1323 | D:4      | Found a staircase to the Ecumenical Temple.
  1330 | Temple   | Entered the Ecumenical Temple
  1421 | D:4      | Noticed Robin
  1429 | D:4      | Killed Robin
  1431 | D:4      | Reached skill level 4 in Shapeshifting
  1449 | D:4      | Reached skill level 1 in Stealth
  1986 | D:2      | Noticed Natasha
  2002 | D:2      | Killed Natasha
  2003 | D:2      | Reached skill level 2 in Stealth
  2515 | D:3      | Reached XP level 6. HP: 43/43 MP: 6/6
  2540 | D:3      | Found a glowing silver altar of Zin.
  2564 | D:3      | Found an opulent altar of Gozag.
  2691 | D:3      | Became a worshipper of Gozag Ym Sagoz the Greedy
  3213 | D:4      | Reached skill level 5 in Fighting
  3228 | D:4      | Reached skill level 5 in Shapeshifting
  3315 | D:4      | Found Fofee's Weapon Emporium.
  3337 | D:4      | Reached XP level 7. HP: 50/50 MP: 7/7
  3884 | D:5      | Entered Level 5 of the Dungeon
  3884 | D:5      | Found Memi's Antique Weapon Boutique.
  4013 | D:5      | Reached skill level 6 in Fighting
  4109 | D:5      | Reached skill level 6 in Shapeshifting
  4244 | D:5      | Reached XP level 8. HP: 54/57 MP: 6/8
  4396 | D:5      | Found Poshroorgh's Jewellery Shoppe.
  4398 | D:5      | Identified the +3 short sword of Undoing {speed, rElec rN+
                  | Int+4 Stlth-}
  4406 | D:5      | Bought a +4 ring of protection for 432 gold pieces
  4428 | D:5      | Found Xasus's Assorted Antiques.
  4435 | D:5      | Bought a silvery potion for 21 gold pieces
  4435 | D:5      | Bought a scroll labelled GUOSMO PYIRHUC for 24 gold pieces
  4626 | D:5      | Reached skill level 4 in Unarmed Combat
  4722 | D:5      | Found Koafahad's General Store.
  4727 | D:5      | Bought a scroll of identify for 20 gold pieces
  4787 | D:5      | Found Ywkiser's Distillery.
  4958 | D:6      | Reached skill level 5 in Unarmed Combat
  4958 | D:6      | Reached skill level 7 in Shapeshifting
  5705 | D:6      | Found Okuuphon's Antique Armour Emporium.
  5733 | D:6      | Reached skill level 3 in Dodging
  5752 | D:6      | Reached XP level 9. HP: 63/63 MP: 9/9
  6065 | D:6      | Reached skill level 6 in Unarmed Combat
  6123 | D:6      | Reached skill level 7 in Fighting
  6123 | D:6      | Reached skill level 4 in Dodging
  6249 | D:6      | Found an iron altar of Okawaru.
  6434 | D:5      | Bought a potion of attraction for 42 gold pieces
  6434 | D:5      | Bought a potion of might for 56 gold pieces
  6434 | D:5      | Bought a potion of berserk rage for 70 gold pieces
  6434 | D:5      | Bought a potion of haste for 140 gold pieces
  6434 | D:5      | Bought a potion of curing for 42 gold pieces
  6491 | D:5      | Bought a scroll of identify for 48 gold pieces
  6611 | D:7      | Found a snail-covered altar of Cheibriados.
  6919 | D:7      | Reached skill level 5 in Dodging
  6924 | D:7      | Reached skill level 7 in Unarmed Combat
  7076 | D:7      | Found a flagged portal.
  7082 | Bailey   | Entered a bailey
  7114 | Bailey   | Reached skill level 1 in Evocations
  7200 | Bailey   | Reached skill level 2 in Evocations
  7429 | Bailey   | Reached skill level 9 in Fighting
  7429 | Bailey   | Reached skill level 9 in Unarmed Combat
  7429 | Bailey   | Reached skill level 9 in Shapeshifting
  7429 | Bailey   | Reached XP level 10. HP: 74/74 MP: 10/10
  7500 | Bailey   | Reached skill level 3 in Evocations
  7648 | Bailey   | Identified a +0 crystal plate armour
  7904 | Bailey   | Noticed an orc knight
  7924 | Bailey   | Killed an orc knight
  7997 | Bailey   | Reached XP level 11. HP: 81/81 MP: 11/11
  8208 | D:7      | Found a hide-covered altar of Uskayaw.
  8211 | D:7      | Found an ornate altar of the Wu Jian Council.
  8213 | D:7      | Found a radiant altar of Vehumet.
  8214 | D:7      | Found a sparkling altar of Nemelex Xobeh.
  8214 | D:7      | Found a white marble altar of Elyvilon.
  8482 | D:8      | Found a transporter.
  8602 | D:8      | Reached skill level 10 in Fighting
  8665 | D:8      | Reached skill level 10 in Unarmed Combat
  9057 | D:8      | Noticed a moth of wrath
  9094 | D:8      | Found a transporter.
  9579 | D:5      | Bought a +5 ring of evasion for 432 gold pieces
 10169 | D:9      | Reached skill level 10 in Shapeshifting
 10199 | D:9      | Found a staircase to the Lair.
 10569 | D:9      | Found Vocuoxam's Antique Weapon Shop.
 10723 | D:9      | Reached skill level 11 in Unarmed Combat
 10793 | D:10     | Entered Level 10 of the Dungeon
 10964 | D:10     | Noticed a two-headed ogre
 10982 | D:10     | Killed a two-headed ogre
 11190 | D:9      | Noticed an arcanist
 11371 | D:9      | Reached skill level 11 in Fighting
 11422 | D:9      | Found a staircase to the Orcish Mines.
 11707 | D:8      | Noticed mainiacjoe's ghost (journeyman OpHs)
 11812 | D:5      | Bought a +5 ring of evasion for 432 gold pieces
 12290 | D:10     | Reached XP level 12. HP: 89/90 MP: 12/12
 12306 | D:10     | Reached skill level 11 in Shapeshifting
 12309 | D:10     | Learned a level 2 spell: Call Imp
 12485 | D:10     | Reached skill level 1 in Summonings
 12500 | D:10     | Noticed a centaur warrior
 12623 | D:10     | Killed a centaur warrior
 12624 | D:10     | Reached skill level 2 in Summonings
 12628 | D:10     | Noticed a tengu warrior
 12639 | D:10     | Killed a tengu warrior
 12640 | D:10     | Reached skill level 3 in Summonings
 13034 | D:10     | Noticed a boulder beetle
 13046 | D:10     | Killed a boulder beetle
 13047 | D:10     | Reached skill level 4 in Summonings
 13261 | D:10     | Reached skill level 12 in Fighting
 13409 | D:10     | Found a shimmering altar of Xom.
 13684 | D:5      | Bought a potion of enlightenment for 70 gold pieces
 13684 | D:5      | Bought a potion of cancellation for 112 gold pieces
 13687 | D:5      | Identified 3 potions of resistance
 13962 | D:9      | Reached skill level 5 in Summonings
 14022 | Lair:1   | Entered Level 1 of the Lair of Beasts
 14031 | Lair:1   | Noticed Amaemon
 14055 | D:9      | Killed Amaemon
 14093 | Lair:1   | Reached skill level 6 in Summonings
 14290 | Lair:1   | Reached skill level 7 in Summonings
 14380 | Lair:1   | Learned a level 6 spell: Summon Cactus Giant
 14621 | Lair:1   | Reached skill level 1 in Spellcasting
 14629 | Lair:1   | Reached skill level 2 in Spellcasting
 14781 | Lair:1   | Reached XP level 13. HP: 87/97 MP: 14/17
 14976 | Lair:1   | Reached skill level 3 in Spellcasting
 14990 | Lair:1   | Reached skill level 8 in Summonings
 15899 | Lair:2   | Reached skill level 4 in Spellcasting
 15936 | Lair:2   | Reached skill level 9 in Summonings
 16294 | Lair:2   | Reached skill level 10 in Summonings
 17102 | Lair:3   | Reached skill level 11 in Summonings
 17441 | Lair:3   | Reached skill level 12 in Summonings
 17481 | Lair:3   | Learned a level 5 spell: Summon Mana Viper
 17597 | Lair:3   | Reached skill level 2 in Hexes
 17673 | Lair:3   | Found a staircase to the Shoals.
 17944 | Lair:3   | Reached skill level 3 in Hexes
 18170 | Lair:4   | Reached skill level 4 in Hexes
 18189 | Lair:4   | Reached skill level 5 in Hexes
 18189 | Lair:4   | Reached XP level 14. HP: 102/103 MP: 20/20
 18212 | Lair:4   | Reached skill level 6 in Hexes
 18308 | Lair:4   | Reached skill level 7 in Hexes
 18329 | Lair:4   | Reached skill level 8 in Hexes
 18440 | Lair:4   | Reached skill level 9 in Hexes
 18776 | Lair:4   | You are sucked into a shaft and drop 1 floor!
 18776 | Lair:5   | Entered Level 5 of the Lair of Beasts
 19045 | Lair:5   | Reached skill level 10 in Hexes
 19193 | Lair:5   | Noticed Urug
 19215 | Lair:5   | Killed Urug
 19519 | Lair:5   | Found a viscous altar of Jiyva.
 19519 | Lair:5   | Found a staircase to the Slime Pits.
 19529 | Lair:5   | Reached skill level 11 in Hexes
 19747 | Lair:4   | Reached skill level 12 in Hexes
 20600 | Lair:5   | Reached skill level 5 in Spellcasting
 21226 | Lair:5   | Reached skill level 13 in Summonings
 22673 | D:12     | Found a gate leading to a gauntlet.
 22680 | Gauntlet | Entered a Gauntlet
 22680 | Gauntlet | Found a transporter.
 22695 | Gauntlet | Found a transporter.
 22710 | Gauntlet | Found a transporter.
 22714 | Gauntlet | Noticed a reaper
 22715 | Gauntlet | Found a transporter.
 22730 | Gauntlet | Found a transporter.
 22749 | Gauntlet | Found a transporter.
 22757 | Gauntlet | Found a large runed translucent door.
 22758 | Gauntlet | Found a large runed translucent door.
 22759 | Gauntlet | Found a large runed translucent door.
 22759 | Gauntlet | Found a large runed translucent door.
 22760 | Gauntlet | Found a runed translucent gate.
 22761 | Gauntlet | Found a transporter.
 22761 | Gauntlet | Found a runed translucent gate.
 22762 | Gauntlet | Found a runed translucent gate.
 22763 | Gauntlet | Found a large runed translucent door.
 22763 | Gauntlet | Found a large runed translucent door.
 22763 | Gauntlet | Found a runed translucent door.
 22763 | Gauntlet | Found a runed translucent door.
 22764 | Gauntlet | Found a large runed translucent door.
 22765 | Gauntlet | Found a large runed translucent door.
 22767 | Gauntlet | Found a transporter.
 22772 | Gauntlet | Found a large runed translucent door.
 22772 | Gauntlet | Found a large runed translucent door.
 22773 | Gauntlet | Found a large runed translucent door.
 22774 | Gauntlet | Found a large runed translucent door.
 22782 | Gauntlet | Found a transporter.
 22794 | Gauntlet | Found a transporter.
 22806 | Gauntlet | Found a transporter.
 22812 | Gauntlet | Found a transporter.
 22812 | Gauntlet | Found a transporter.
 22852 | Gauntlet | Found a transporter.
 22877 | Gauntlet | Found a transporter.
 22879 | Gauntlet | Found a transporter.
 22899 | Gauntlet | Found a transporter.
 22991 | Gauntlet | Found a transporter.
 23009 | Gauntlet | Found a large runed translucent door.
 23009 | Gauntlet | Found a large runed translucent door.
 23010 | Gauntlet | Found a large runed translucent door.
 23011 | Gauntlet | Found a large runed translucent door.
 23358 | Gauntlet | Reached XP level 15. HP: 109/109 MP: 2/22
 23587 | Gauntlet | Reached skill level 13 in Fighting
 23802 | Gauntlet | Identified the +1 flail "Beijasau" {antimagic, Fly}
 23802 | Gauntlet | Identified the +6 war axe "Qograt" {heavy, rC+ Dex+3}
 24352 | D:13     | Reached skill level 1 in Shields
 24537 | D:13     | Reached skill level 2 in Shields
 24837 | D:13     | Got Sif Muna's Secrets of the Fulgurous Snake
 25001 | D:13     | Identified a scroll of acquirement
 25002 | D:13     | Acquired the +1 hat of Card Tricks {Int+2}
 25137 | D:14     | Noticed Frances
 25151 | D:14     | Killed Frances
 25152 | D:14     | Reached skill level 3 in Shields
 25225 | D:14     | Noticed Josephine
 25236 | D:14     | Killed Josephine
 25405 | D:14     | Noticed Nessos
 25426 | D:14     | Killed Nessos
 26053 | D:14     | Reached skill level 4 in Shields
 26421 | D:14     | Noticed Lodul
 26528 | D:14     | Reached skill level 12 in Shapeshifting
 26700 | D:14     | Killed Lodul
 27060 | D:14     | Reached skill level 5 in Shields
 27432 | D:14     | Found a gate to the Vaults.
 27728 | Orc:1    | Entered Level 1 of the Orcish Mines
 27728 | Orc:1    | Found Gainap's Magic Scroll Shop.
 27797 | Orc:1    | Bought a scroll of teleportation for 45 gold pieces
 27797 | Orc:1    | Bought a scroll of teleportation for 45 gold pieces
 27797 | Orc:1    | Bought a scroll of teleportation for 45 gold pieces
 27797 | Orc:1    | Bought a scroll of blinking for 112 gold pieces
 27835 | Orc:1    | Paralysed by an orc sorcerer for 3 turns
 27850 | Orc:1    | Reached skill level 13 in Shapeshifting
 28100 | Orc:2    | Entered Level 2 of the Orcish Mines
 28100 | Orc:2    | Found a staircase to the Elven Halls.
 28220 | Orc:2    | Noticed Saint Roka
 28238 | Orc:2    | Killed Saint Roka
 28656 | Orc:2    | Paralysed by an ogre mage for 4 turns
 28658 | Orc:2    | HP: 11/110 [two-headed ogre/+0 giant spiked club (25)]
 28658 | Orc:2    | HP: 4/110 [something (7)]
 28658 | Orc:2    | Mangled by an ogre mage

Vanquished Creatures
  Frances (D:14)
  A minotaur (Gauntlet)
  Josephine (D:14)
  2 catoblepae
  7 two-headed ogres
  4 centaur warriors
  A boulder beetle (D:10)
  3 tengu warriors
  Urug (Lair:5)
  A sixfirhy (Gauntlet)
  A skyshark (Lair:3)
  Amaemon (D:9)
  3 nameless horrors
  2 arcanists
  An orange crystal statue (Gauntlet)
  A deep elf pyromancer (D:14)
  2 orc knights
  A wolf spider (Lair:5)
  An ugly thing (D:10)
  3 manticores (D:14)
  15 elephants
  13 black mambas
  5 cyclopes
  An orange demon (Lair:1)
  13 cane toads
  An unseen horror (shapeshifter) (D:10)
  2 unseen horrors
  A gargoyle (D:10)
  2 minotaur zombies (Gauntlet)
  A torpor snail (Lair:2)
  4 komodo dragons
  A tengu conjurer (D:14)
  A yaktaur (D:10)
  3 kobold demonologists
  3 rime drakes
  2 efreet
  A burning bush (Lair:3)
  A queen bee (shapeshifter) (D:13)
  9 trolls
  7 polar bears
  3 hornets
  7 blink frogs
  2 vampires
  2 shadows
  7 wraiths
  6 slime creatures
  12 wyverns
  4 basilisks
  A warg (Orc:1)
  45 yaks
  6 vampire mosquitoes
  A redback (Lair:5)
  A neqoxec (Gauntlet)
  3 steam dragons
  A chaos spawn (Gauntlet)
  36 water moccasins
  24 orc warriors
  An acid dragon (D:11)
  3 black bears
  7 ice beasts
  2 laughing skulls (D:14)
  12 ogres
  3 boggarts (D:14)
  10 centaurs
  6 wolves
  A phantom (D:4)
  3 kobold brigands
  17 bullfrogs
  4 gnoll sergeants
  3 scorpions
  9 wights
  43 killer bees
  An electric eel (Lair:5)
  4 crimson imps
  2 howler monkeys
  A bombardier beetle (D:5)
  4 hounds
  16 orc priests
  3 jellies
  A gnoll bouda (Lair:5)
  3 iguanas
  Natasha (thrice) (D:2)
  15 orc wizards
  2 hell rats (Lair:5)
  Robin (D:4)
  17 gnolls
  11 adders
  A shadow imp (D:6)
  A white imp (D:6)
  6 ufetubi
  3 dart slugs
  A ribbon worm (D:4)
  96 orcs
  5 ball pythons
  5 endoplasms
  3 giant cockroaches
  13 goblins
  14 hobgoblins
  11 kobolds
  7 quokkas
  4 bats
  3 frilled lizards
  5 rats
671 creatures vanquished.

Vanquished Creatures (collateral kills)
  Saint Roka (Orc:2)
  A vault guard (D:14)
  An ogre mage (Orc:2)
  A hydra (Lair:4)
  A centaur warrior (D:14)
  2 two-headed ogres
  A boulder beetle (D:13)
  Lodul (D:14)
  2 cyclopes (D:14)
  An orc sorcerer (Orc:1)
  A torpor snail (Lair:4)
  3 black mambas
  A guardian serpent (Lair:5)
  2 rime drakes
  A hornet (Lair:5)
  2 yaks (Lair:4)
  3 wyverns (Lair:5)
  2 water moccasins (Lair:4)
  5 orc warriors
  12 ogres
  A centaur (D:14)
  An electric eel (Lair:5)
  3 orc priests (Orc:2)
  5 orc wizards
  2 hell rats (Lair:5)
  13 orcs
69 creatures vanquished.

Vanquished Creatures (others)
  Nessos (D:14)
1 creature vanquished.

Grand Total: 741 creatures vanquished

Table legend: (Time is in decaauts)
 A = Elapsed time spent in this place.
 B = Non-inter-level travel time spent in this place.
 C = Inter-level travel time spent in this place.
 D = Time resting spent in this place.
 E = Time spent auto-exploring this place.
 F = Levels seen in this place.
 G = Mean time per level.
                   A        B        C        D        E       F      G
               +--------+--------+--------+--------+--------+-----+--------+
         Total |  28323 |  25609 |   2714 |   4845 |  15551 |  24 | 1180.1 |
       Dungeon |  17772 |  15411 |   2361 |   2676 |   9978 |  14 | 1269.4 |
        Temple |     19 |      0 |     19 |      0 |      0 |   1 |   19.0 |
          Lair |   7402 |   7073 |    329 |    948 |   4594 |   5 | 1480.4 |
  Orcish Mines |    906 |    901 |      5 |    268 |    417 |   2 |  453.0 |
        Bailey |   1070 |   1070 |      0 |    443 |    282 |   1 | 1070.0 |
      Gauntlet |   1152 |   1152 |      0 |    509 |    280 |   1 | 1152.0 |
               +--------+--------+--------+--------+--------+-----+--------+

Top non-repeatable levels by time:
    D:14: 2448 daAuts
  Lair:5: 2307 daAuts
     D:6: 2062 daAuts
    D:10: 1867 daAuts
  Lair:1: 1844 daAuts
     D:9: 1604 daAuts
     D:8: 1478 daAuts
     D:5: 1411 daAuts
  Lair:3: 1317 daAuts
     D:2: 1293 daAuts
Gauntlet: 1152 daAuts
  Lair:4: 1123 daAuts
     D:4: 1090 daAuts
  Bailey: 1070 daAuts
     D:7: 927 daAuts

Table legend:
 A = Non-vault XP
 B = Vault XP
 C = Vault XP percentage of total XP
 D = Non-vault monster count
 E = Vault monster count
 F = Vault count percentage of total count
                 A         B        C        D         E       F
            +---------+---------+-------+---------+---------+-------
      Total |   62773 |   61715 |  49.6 |     429 |     309 |  41.9
            +---------+---------+-------+---------+---------+-------
        D:1 |      34 |       8 |  19.0 |      17 |       4 |  19.0
        D:2 |      97 |      37 |  27.6 |      12 |       1 |   7.7
        D:3 |     117 |      17 |  12.7 |      17 |       4 |  19.0
        D:4 |     493 |      36 |   6.8 |      28 |      12 |  30.0
        D:5 |     581 |       0 |   0.0 |      21 |       0 |   0.0
        D:6 |    1773 |       0 |   0.0 |      35 |       0 |   0.0
        D:7 |     601 |       4 |   0.7 |      11 |       1 |   8.3
        D:8 |     877 |     391 |  30.8 |      22 |       2 |   8.3
        D:9 |    1806 |    4325 |  70.5 |      17 |      55 |  76.4
       D:10 |    1163 |    9633 |  89.2 |      13 |      36 |  73.5
       D:11 |    3293 |       0 |   0.0 |      17 |       0 |   0.0
       D:12 |    1184 |       0 |   0.0 |       6 |       0 |   0.0
       D:13 |    5461 |       0 |   0.0 |      20 |       0 |   0.0
       D:14 |    7215 |   11920 |  62.3 |      24 |      26 |  52.0
     Lair:1 |    7613 |     446 |   5.5 |      29 |       2 |   6.5
     Lair:2 |    8099 |     324 |   3.8 |      30 |       4 |  11.8
     Lair:3 |    4849 |    4319 |  47.1 |      14 |      43 |  75.4
     Lair:4 |    6275 |    4449 |  41.5 |      25 |      15 |  37.5
     Lair:5 |    6827 |   11443 |  62.6 |      32 |      40 |  55.6
      Orc:1 |    2390 |       0 |   0.0 |      19 |       0 |   0.0
      Orc:2 |    2025 |    8886 |  81.4 |      20 |      25 |  55.6
     Bailey |       0 |    1969 | 100.0 |       0 |      30 | 100.0
   Gauntlet |       0 |    3508 | 100.0 |       0 |       9 | 100.0
            +---------+---------+-------+---------+---------+-------
